 Dungeon Crawl Stone Soup version 0.27-a0-1105-g946c659c87 (webtiles) character file.

Game seed: 11473385987280434273

714 kae the Cudgeller (level 8, -11/63 HPs)
             Began as a Formicid Fighter on Apr 29, 2021.
             Was an Initiate of Okawaru.
             Mangled by a gnoll sergeant
             ... wielding a +0 spear of flaming
              (12 damage)
             ... on level 7 of the Dungeon.
             The game lasted 00:03:31 (5703 turns).

kae the Cudgeller (Formicid Fighter)                Turns: 5703, Time: 00:03:32

Health: -11/63     AC:  7    Str: 24    XL:     8   Next: 1%
Magic:  17/18      EV:  8    Int:  7    God:    Okawaru [......]
Gold:   135        SH: 10    Dex: 16    Spells: 7/7 levels left

rFire    . . .     SeeInvis +   a - +1 flail
rCold    . . .     Faith    .   c - +0 kite shield
rNeg     . . .     Spirit   .   b - +0 scale mail
rPois    .         Reflect  .   (helmet unavailable)
rElec    .         Harm     .   j - scarf {shadows}
rCorr    .         Rampage  .   (no gloves)
Will     .....                  (no boots)
Stlth    ..........             (no amulet)
HPRegen  0.20/turn              k - +6 ring of dexterity
MPRegen  0.16/turn              h - ring of magical power

@: mighty
A: permanent stasis, dig shafts and tunnels, antennae 3, four strong arms
a: Dig, Shaft Self, Renounce Religion


You were on level 7 of the Dungeon.
You worshipped Okawaru.
Okawaru was noncommittal.
You visited 1 branch of the dungeon, and saw 6 of its levels.

You collected 135 gold pieces.

Inventory:

Hand Weapons
 a - a +1 flail (weapon)
Armour
 b - a +0 scale mail (worn)
 c - a +0 kite shield (worn)
 j - a scarf of shadows (worn)
Jewellery
 h - a ring of magical power (right hand)
 i - a ring of flight
 k - a +6 ring of dexterity (left hand)
 m - a ring of ice
Wands
 o - a wand of iceblast (7)
Scrolls
 l - a scroll of torment
 q - a scroll of summoning
Potions
 f - a potion of lignification
 g - 2 potions of degeneration
 n - a potion of mutation
 p - a potion of flight
 r - a potion of curing
 s - a potion of haste {unknown}


   Skills:
 + Level 5.4 Fighting
 * Level 6.0 Maces & Flails
 + Level 5.4 Armour
 - Level 3.6 Shields
 + Level 1.7 Invocations


You had 7 spell levels left.
You didn't know any spells.
Your spell library contained the following spells:

 Spells                   Type           Power      Damage    Failure   Level
 Animate Skeleton         Necr           0%         N/A       98%         1
 Beastly Appendage        Tmut           0%         N/A       98%         1
 Pain                     Necr           0%         1d4       98%         1
 Sandblast                Erth           0%         2d4       98%         1
 Passwall                 Tmut/Erth      0%         N/A       99%         2
 Wereblood                Tmut           0%         N/A       99%         2
 Spider Form              Tmut/Pois      0%         N/A       100%        3
 Stone Arrow              Conj/Erth      0%         3d7       100%        3
 Vampiric Draining        Necr           0%         2d6       100%        3
 Animate Dead             Necr           0%         N/A       100%        4
 Ice Form                 Ice/Tmut       0%         N/A       100%        4
 Petrify                  Tmut/Erth      0%         N/A       100%        4
 Agony                    Necr           0%         N/A       100%        5
 Hydra Form               Tmut           0%         N/A       100%        5
 Lee's Rapid Deconstruct  Erth           0%         3d5*      100%        5


Dungeon Overview and Level Annotations

Branches:
Dungeon (5/15)
 Temple: D:4-7

Altars:
Elyvilon
Hepliaklqana
Makhleb
Nemelex Xobeh
Okawaru
Wu Jian


Innate Abilities, Weirdness & Mutations

You cannot be hasted, slowed, berserked, paralysed or teleported.
You can dig through walls and to a lower floor.
You have a pair of large antennae on your head. (SInv)
Your four strong arms can wield two-handed weapons with a shield.


Message History

The gnoll sergeant hits you from afar with a +0 spear of flaming.
The gnoll sergeant burns you.
You bludgeon the ice beast!!
You kill the ice beast!
Okawaru accepts your kill. The gnoll sergeant closely misses you.
Your Maces & Flails skill increases to level 6!
You have reached level 8!
You feel stronger. You block the gnoll sergeant's attack.
You see here a +0 flail.
You barely miss the gnoll sergeant.
The gnoll sergeant hits you with a +0 spear of flaming.
The gnoll sergeant burns you.
You sock the gnoll sergeant!
The gnoll sergeant is moderately wounded.
The gnoll sergeant hits you with a +0 spear of flaming!
The gnoll sergeant burns you.
The gnoll sergeant hits you with a +0 spear of flaming.
The gnoll sergeant burns you.
You hit the gnoll sergeant.
The gnoll sergeant is moderately wounded.
The gnoll sergeant hits you with a +0 spear of flaming!
* * * LOW HITPOINT WARNING * * *
The gnoll sergeant burns you.
* * * LOW HITPOINT WARNING * * *
You hit the gnoll sergeant.
The gnoll sergeant is heavily wounded.
The gnoll sergeant hits you but does no damage.
You hit the gnoll sergeant.
The gnoll sergeant is heavily wounded.
The gnoll sergeant hits you but does no damage.
The gnoll sergeant blocks your attack.
The gnoll sergeant is heavily wounded.
The gnoll sergeant hits you with a +0 spear of flaming!
* * * LOW HITPOINT WARNING * * *
The gnoll sergeant burns you.
* * * LOW HITPOINT WARNING * * *
The gnoll sergeant hits you with a +0 spear of flaming!
You die...

######
......
......
......
......
#####......
#gg@.......
##g#########
#######..#
#.......##
#.......#
#.......#
#...gg.##
........
.......#


You could see a gnoll sergeant and 2 gnolls.

Vanquished Creatures
  Sigmund (D:3)
  An ice beast (D:7)
  A scorpion (D:4)
  3 orc priests
  2 hounds (D:4)
  Jessica (D:3)
  Ijyb (D:4)
  2 orc wizards
  A hound skeleton (D:4)
  A gnoll (D:7)
  4 adders
  2 worms
  3 dart slugs
  9 orcs
  6 ball pythons
  6 endoplasms
  5 giant cockroaches
  6 goblins
  6 hobgoblins
  3 jackals (D:2)
  8 quokkas
  7 bats
  3 frilled lizards
  7 kobolds
  7 rats
96 creatures vanquished.

Notes
Turn   | Place    | Note
-------+----------+-------------------------------------------
     0 | D:1      | kae the Formicid Fighter began the quest for the Orb.
     0 | D:1      | Reached XP level 1. HP: 18/18 MP: 1/1
   232 | D:1      | Reached XP level 2. HP: 4/24 MP: 2/2
   600 | D:1      | Found a faded altar of an unknown god.
   898 | D:1      | Reached XP level 3. HP: 15/29 MP: 3/3
  1547 | D:2      | Reached skill level 3 in Maces & Flails
  1894 | D:2      | Reached XP level 4. HP: 37/37 MP: 4/4
  2542 | D:2      | Reached XP level 5. HP: 18/42 MP: 5/5
  2921 | D:3      | Reached skill level 4 in Maces & Flails
  3927 | D:3      | Noticed Sigmund
  3942 | D:3      | Killed Sigmund
  3943 | D:3      | Reached XP level 6. HP: 6/49 MP: 6/6
  4253 | D:3      | Reached skill level 5 in Maces & Flails
  4375 | D:3      | Noticed Jessica
  4380 | D:3      | Killed Jessica
  4381 | D:3      | Reached XP level 7. HP: 48/55 MP: 7/7
  4593 | D:4      | Reached skill level 5 in Armour
  4713 | D:4      | Reached skill level 5 in Fighting
  4765 | D:4      | Found a hazy altar of Hepliaklqana.
  4766 | D:4      | Found a white marble altar of Elyvilon.
  4766 | D:4      | Found an iron altar of Okawaru.
  4771 | D:4      | Found a sparkling altar of Nemelex Xobeh.
  4771 | D:4      | Found an ornate altar of the Wu Jian Council.
  4773 | D:4      | Found a burning altar of Makhleb.
  4813 | D:4      | Became a worshipper of Warmaster Okawaru
  4820 | D:4      | Noticed Ijyb
  4831 | D:4      | Killed Ijyb
  4900 | D:4      | Reached skill level 1 in Invocations
  5674 | D:5      | Entered Level 5 of the Dungeon
  5676 | D:5      | You fall into a shaft and drop 2 floors!
  5697 | D:7      | Reached skill level 6 in Maces & Flails
  5697 | D:7      | Reached XP level 8. HP: 36/63 MP: 9/9
  5703 | D:7      | HP: 1/63 [gnoll sergeant/+0 spear of flaming (3)]
  5703 | D:7      | Mangled by a gnoll sergeant

Illustrated notes

Levels and vault maps discovered:
D:1:      wander_arrival_desolate, layout_basic, shapermc_ecumenical_altar_gd,
          ebering_dispersal_statue_hall
D:2:      layout_basic, minmay_misc_feat_roman, minivault_25
D:3:      wander_river, layout_basic, kennysheep_jessica_study, uniq_sigmund
D:4:      layout_basic, grunt_temple_overflow_open, minmay_misc_feat_x,
          uniq_ijyb
D:5:      layout_loops_ring, amcnicky_altar_gilded, temple_fountains,
          minmay_misc_feat_doors, uniq_blork_the_orc
D:7:      layout_rooms

Skill      XL: |  1  2  3  4  5  6  7 |
---------------+----------------------+-----
Maces & Flails | 3 4 5 6 |  6.0
Fighting       | 4 5 |  5.4
Armour         | 4 5 |  5.4
Invocations    | 1 |  1.7
Shields        | |  3.6

Action                   |  1- 3 |  4- 6 |  7- 9 || total
-------------------------+-------+-------+-------++-------
Melee: Flail             |   124 |   153 |    84 ||   361
  Use: Scroll            |     3 |     1 |     7 ||    11
       Potion            |       |     1 |     1 ||     2
Armor: Scale mail        |    58 |    75 |    29 ||   162
Dodge: Dodged            |    44 |    65 |    25 ||   134
Block: Kite shield       |    77 |    94 |    52 ||   223

Table legend: (Time is in decaauts)
 A = Elapsed time spent in this place.
 B = Non-inter-level travel time spent in this place.
 C = Inter-level travel time spent in this place.
 D = Time resting spent in this place.
 E = Time spent auto-exploring this place.
 F = Levels seen in this place.
 G = Mean time per level.
                   A        B        C        D        E       F      G
               +--------+--------+--------+--------+--------+-----+--------+
         Total |   5854 |   5691 |    163 |    614 |   4158 |   6 |  975.7 |
       Dungeon |   5854 |   5691 |    163 |    614 |   4158 |   6 |  975.7 |
               +--------+--------+--------+--------+--------+-----+--------+

Top non-repeatable levels by time:
     D:3: 1907 daAuts
     D:1: 1524 daAuts
     D:2: 1253 daAuts
     D:4: 1135 daAuts
     D:7: 31 daAuts
     D:5: 1 daAuts
